[ AOE2 MATCH · #471848784 ]
UnrankedSpanish vs Turks
[ REPLAY ANALYSIS · EXTRACTED FROM THE RECORDED GAME ]
Feudal
13:25
Castle
19:10
Imperial
34:39
| APM avg | 16.2 |
| APM peak | 58 |
| eAPM avg | 12.5 |
| Villagers / military | 142 / 412 |
Focus
⚔️ 30.6% · 🌾 69.4%
Scout Cavalry ×146 · Skirmisher ×129 · Knight ×84 · Spearman ×25 · Archer ×20 · Trade Cart ×5
Feudal
15:43
Castle
19:17
Imperial
34:44
| APM avg | 14.7 |
| APM peak | 44 |
| eAPM avg | 9.7 |
| Villagers / military | 125 / 439 |
Focus
⚔️ 35.6% · 🌾 64.4%
Hand Cannoneer ×275 · Scout Cavalry ×125 · Bombard Cannon ×38 · Trade Cart ×23 · Monk ×1
Feudal
15:25
Castle
19:45
Imperial
36:14
| APM avg | 12.6 |
| APM peak | 48 |
| eAPM avg | 11.3 |
| Villagers / military | 121 / 548 |
Focus
⚔️ 33.0% · 🌾 67.0%
Skirmisher ×251 · Scout Cavalry ×207 · Scorpion ×48 · Trebuchet (Packed) ×18 · Battering Ram ×17 · Trade Cart ×15
Feudal
13:37
Castle
21:53
Imperial
37:51
| APM avg | 16.1 |
| APM peak | 35 |
| eAPM avg | 11.3 |
| Villagers / military | 88 / 303 |
Focus
⚔️ 30.6% · 🌾 69.4%
Woad Raider ×115 · Scorpion ×104 · Mangonel ×39 · Trade Cart ×33 · Battering Ram ×22 · Knight ×14
Feudal
14:11
Castle
19:21
Imperial
36:07
| APM avg | 27.7 |
| APM peak | 88 |
| eAPM avg | 12.8 |
| Villagers / military | 118 / 320 |
Focus
⚔️ 27.6% · 🌾 72.4%
Scout Cavalry ×230 · Elephant Archer ×67 · Mangonel ×22 · Trade Cart ×16 · Monk ×1
Feudal
14:54
Castle
25:20
Imperial
30:25
| APM avg | 19.5 |
| APM peak | 63 |
| eAPM avg | 13.2 |
| Villagers / military | 130 / 314 |
Focus
⚔️ 47.0% · 🌾 53.0%
Scout Cavalry ×169 · Longbowman ×102 · Mangonel ×33 · Fishing Ship ×15 · Trebuchet (Packed) ×10 · Trade Cart ×9
Feudal
14:38
Castle
21:07
Imperial
—
| APM avg | 8.6 |
| APM peak | 36 |
| eAPM avg | 7.0 |
| Villagers / military | 129 / 20 |
Focus
⚔️ 21.5% · 🌾 78.5%
Scorpion ×12 · Trade Cart ×7 · Fishing Ship ×5 · Mangonel ×4 · Militia ×2 · Spearman ×2
Feudal
10:33
Castle
16:08
Imperial
32:02
| APM avg | 25.1 |
| APM peak | 55 |
| eAPM avg | 16.4 |
| Villagers / military | 156 / 1038 |
Focus
⚔️ 43.1% · 🌾 56.9%
Scout Cavalry ×426 · Mangudai ×180 · Skirmisher ×157 · Knight ×120 · Battering Ram ×64 · Camel Scout ×55
Match map
Initial resources + every placement click. Lines = walls · curves = elevation contours. ◆ gold · ⬟ stone · ● berries · ✦ relic · ◌ wall gap
Inputs per minute
— Nhialy - - mindy23
Build order — Nhialy
First 150 of 493 actions detected
| 0:02 | Build | House |
| 0:04 | Build | House |
| 0:05 | Create | Villager (Male) |
| 0:05 | Create | Villager (Male) |
| 0:36 | Research | Loom |
| 0:38 | Create | Villager (Male) |
| 0:39 | Create | Villager (Male) |
| 1:00 | Build | Palisade Wall |
| 1:06 | Build | Palisade Wall |
| 1:39 | Create | Villager (Male) |
| 2:29 | Create | Villager (Male) |
| 3:12 | Create | Villager (Male) |
| 3:31 | Create | Villager (Male) |
| 4:11 | Create | Villager (Male) |
| 4:50 | Create | Villager (Male) |
| 5:01 | Create | Villager (Male) |
| 5:06 | Build | Mill |
| 5:28 | Create | Villager (Male) |
| 5:36 | Build | House |
| 6:13 | Create | Villager (Male) |
| 6:40 | Create | Villager (Male) |
| 6:59 | Create | Villager (Male) |
| 7:13 | Create | Villager (Male) |
| 7:26 | Create | Villager (Male) |
| 7:34 | Build | House |
| 7:37 | Create | Villager (Male) |
| 7:55 | Build | Lumber Camp |
| 8:22 | Create | Villager (Male) |
| 8:42 | Create | Villager (Male) |
| 9:15 | Build | Mining Camp |
| 9:19 | Create | Villager (Male) |
| 9:37 | Create | Villager (Male) |
| 9:46 | Build | House |
| 10:05 | Build | Mining Camp |
| 10:17 | Create | Villager (Male) |
| 10:18 | Create | Villager (Male) |
| 11:05 | Research | Feudal Age |
| 11:48 | Build | House |
| 12:02 | Create | Villager (Male) |
| 12:26 | Build | Mill |
| 12:42 | Build | Mill |
| 12:50 | Create | Villager (Male) |
| 13:25 | Age | Feudal Age |
| 13:29 | Create | Villager (Male) |
| 13:53 | Create | Villager (Male) |
| 14:08 | Build | Stone Wall |
| 14:12 | Build | Building 490 |
| 14:17 | Build | Building 490 |
| 14:25 | Build | Stone Wall |
| 14:29 | Build | Building 490 |
| 14:36 | Build | Blacksmith |
| 14:57 | Build | Market |
| 15:14 | Create | Villager (Male) |
| 15:20 | Build | Farm |
| 15:31 | Create | Villager (Male) |
| 15:55 | Build | House |
| 16:05 | Create | Villager (Male) |
| 16:07 | Research | Castle Age |
| 16:56 | Build | Outpost |
| 17:04 | Build | Outpost |
| 17:23 | Research | Double-Bit Axe |
| 17:31 | Research | Horse Collar |
| 17:44 | Build | Farm |
| 17:46 | Build | Farm |
| 17:47 | Build | Farm |
| 17:48 | Build | Farm |
| 17:49 | Build | Farm |
| 17:51 | Build | Farm |
| 18:14 | Research | Stone Mining |
| 18:17 | Research | Gold Mining |
| 18:19 | Research | Forging |
| 18:28 | Research | Fletching |
| 18:36 | Build | Farm |
| 18:38 | Build | Farm |
| 18:40 | Build | Farm |
| 18:42 | Build | Farm |
| 18:45 | Build | Farm |
| 18:46 | Build | Farm |
| 19:10 | Age | Castle Age |
| 19:11 | Create | Villager (Male) |
| 19:32 | Create | Villager (Male) |
| 19:49 | Build | Town Center |
| 19:58 | Create | Villager (Male) |
| 20:22 | Build | Watch Tower |
| 20:27 | Create | Villager (Male) |
| 20:37 | Build | House |
| 20:59 | Create | Villager (Male) |
| 20:59 | Create | Villager (Male) |
| 21:08 | Build | Town Center |
| 21:28 | Create | Villager (Male) |
| 21:40 | Create | Villager (Male) |
| 21:40 | Create | Villager (Male) |
| 21:41 | Create | Villager (Male) |
| 22:02 | Build | University |
| 22:07 | Create | Villager (Male) |
| 22:08 | Create | Villager (Male) |
| 22:14 | Create | Villager (Male) |
| 22:26 | Create | Villager (Male) |
| 22:38 | Build | Monastery |
| 22:50 | Create | Villager (Male) |
| 22:57 | Build | Farm |
| 23:02 | Build | Farm |
| 23:17 | Build | Farm |
| 23:19 | Create | Villager (Male) |
| 23:20 | Create | Villager (Male) |
| 23:20 | Create | Villager (Male) |
| 23:21 | Create | Villager (Male) |
| 23:21 | Create | Villager (Male) |
| 23:38 | Build | Farm |
| 23:43 | Create | Villager (Male) |
| 23:49 | Build | Farm |
| 23:53 | Create | Villager (Male) |
| 24:00 | Build | Farm |
| 24:02 | Create | Villager (Male) |
| 24:04 | Create | Monk |
| 24:11 | Build | House |
| 24:12 | Build | House |
| 24:13 | Build | House |
| 24:17 | Create | Villager (Male) |
| 24:18 | Create | Villager (Male) |
| 24:28 | Build | Farm |
| 24:30 | Create | Villager (Male) |
| 24:35 | Build | Farm |
| 24:50 | Create | Villager (Male) |
| 24:55 | Create | Villager (Male) |
| 25:17 | Create | Villager (Male) |
| 25:17 | Create | Villager (Male) |
| 25:29 | Build | Castle |
| 25:33 | Create | Villager (Male) |
| 25:40 | Create | Villager (Male) |
| 25:44 | Create | Villager (Male) |
| 26:00 | Build | Farm |
| 26:02 | Build | Farm |
| 26:06 | Create | Villager (Male) |
| 26:11 | Create | Villager (Male) |
| 26:12 | Create | Villager (Male) |
| 26:13 | Create | Villager (Male) |
| 26:14 | Create | Villager (Male) |
| 26:18 | Build | Farm |
| 26:23 | Build | House |
| 26:24 | Build | House |
| 26:26 | Build | House |
| 26:31 | Build | Farm |
| 26:33 | Create | Villager (Male) |
| 26:37 | Build | Farm |
| 26:57 | Research | Fortified Wall (upgrade) |
| 26:58 | Research | Ballistics |
| 27:01 | Create | Villager (Male) |
| 27:02 | Create | Villager (Male) |
| 27:05 | Create | Villager (Male) |
Build order — mindy23
First 150 of 394 actions detected
| 0:05 | Build | House |
| 0:06 | Create | Villager (Male) ×4 |
| 0:20 | Research | Loom |
| 0:31 | Create | Villager (Male) ×3 |
| 0:31 | Create | Villager (Male) ×3 |
| 1:27 | Build | Palisade Wall |
| 1:30 | Build | Palisade Wall |
| 2:15 | Create | Villager (Male) |
| 2:15 | Create | Villager (Male) |
| 2:22 | Build | House |
| 3:04 | Create | Villager (Male) |
| 3:04 | Create | Villager (Male) |
| 3:54 | Create | Villager (Male) |
| 3:54 | Create | Villager (Male) |
| 3:54 | Create | Villager (Male) |
| 4:06 | Build | Mill |
| 4:50 | Create | Villager (Male) |
| 4:50 | Create | Villager (Male) |
| 5:34 | Create | Villager (Male) |
| 5:34 | Create | Villager (Male) |
| 6:11 | Create | Villager (Male) |
| 6:11 | Create | Villager (Male) |
| 6:26 | Build | House |
| 6:31 | Create | Villager (Male) |
| 6:44 | Create | Villager (Male) ×3 |
| 6:44 | Create | Villager (Male) ×3 |
| 7:48 | Create | Villager (Male) ×2 |
| 7:48 | Create | Villager (Male) ×2 |
| 8:13 | Build | House |
| 8:15 | Build | Lumber Camp |
| 8:24 | Create | Villager (Male) |
| 8:24 | Create | Villager (Male) |
| 8:24 | Create | Villager (Male) |
| 8:58 | Create | Villager (Male) ×2 |
| 8:58 | Create | Villager (Male) ×2 |
| 9:18 | Create | Villager (Male) |
| 9:42 | Create | Villager (Male) |
| 9:43 | Create | Villager (Male) |
| 9:43 | Create | Villager (Male) |
| 9:53 | Build | House |
| 9:58 | Build | House |
| 11:01 | Build | House |
| 11:03 | Create | Villager (Male) |
| 11:04 | Create | Villager (Male) |
| 11:38 | Build | Mining Camp |
| 12:13 | Build | Mining Camp |
| 12:32 | Research | Feudal Age |
| 12:39 | Build | Farm |
| 12:43 | Build | Farm |
| 12:46 | Build | Farm |
| 12:49 | Build | Farm |
| 12:57 | Build | Farm |
| 13:01 | Build | Farm |
| 13:31 | Build | Farm |
| 13:38 | Build | Farm |
| 15:43 | Age | Feudal Age |
| 15:51 | Build | Market |
| 15:55 | Build | Blacksmith |
| 16:02 | Research | Double-Bit Axe |
| 16:05 | Research | Horse Collar |
| 16:37 | Research | Castle Age |
| 16:51 | Build | Stone Wall |
| 16:53 | Build | Stone Wall |
| 16:54 | Build | Stone Wall |
| 16:58 | Build | Stone Wall |
| 17:04 | Build | Building 490 |
| 17:23 | Research | Gold Mining |
| 17:27 | Research | Stone Mining |
| 18:14 | Build | Building 490 |
| 18:17 | Build | Stone Wall |
| 18:34 | Build | House |
| 18:35 | Build | House |
| 18:36 | Build | House |
| 18:38 | Build | House |
| 19:00 | Build | Farm |
| 19:01 | Build | Farm |
| 19:17 | Age | Castle Age |
| 19:24 | Build | Town Center |
| 19:36 | Build | Town Center |
| 19:40 | Create | Villager (Male) ×5 |
| 20:24 | Create | Villager (Male) ×5 |
| 20:35 | Build | Lumber Camp |
| 21:09 | Build | Farm |
| 21:23 | Build | Farm |
| 21:29 | Create | Villager (Male) ×5 |
| 21:55 | Build | House |
| 21:56 | Build | House |
| 21:57 | Build | House |
| 21:58 | Build | House |
| 22:00 | Build | House |
| 22:15 | Create | Villager (Male) ×5 |
| 22:16 | Create | Villager (Male) ×5 |
| 22:16 | Create | Villager (Male) ×2 |
| 22:34 | Build | Farm |
| 22:49 | Create | Villager (Male) ×2 |
| 22:57 | Build | Mining Camp |
| 23:16 | Build | Farm |
| 23:20 | Build | Farm |
| 23:23 | Research | Heavy Plow |
| 23:28 | Create | Villager (Male) |
| 23:34 | Build | Farm |
| 23:37 | Build | Farm |
| 23:45 | Build | Farm |
| 23:54 | Build | Farm |
| 24:15 | Build | Farm |
| 24:24 | Build | Farm |
| 24:31 | Build | Farm |
| 24:38 | Build | Farm |
| 24:50 | Build | Farm |
| 24:57 | Create | Villager (Male) |
| 24:57 | Create | Villager (Male) |
| 24:57 | Create | Villager (Male) |
| 24:58 | Create | Villager (Male) |
| 24:58 | Create | Villager (Male) |
| 25:05 | Create | Villager (Male) ×5 |
| 25:26 | Build | Castle |
| 25:52 | Build | House |
| 25:53 | Build | House |
| 25:56 | Build | House |
| 25:57 | Build | House |
| 25:59 | Build | House |
| 26:00 | Build | House |
| 26:01 | Build | House |
| 26:02 | Build | House |
| 26:06 | Create | Villager (Male) ×5 |
| 27:06 | Build | Farm |
| 27:13 | Build | Farm |
| 27:22 | Create | Villager (Male) ×5 |
| 27:35 | Build | Stone Wall |
| 27:39 | Build | Building 490 |
| 27:49 | Build | Barracks |
| 28:07 | Build | Farm |
| 28:08 | Build | Farm |
| 28:14 | Research | Gold Shaft Mining |
| 28:20 | Create | Villager (Male) ×5 |
| 28:25 | Build | Lumber Camp |
| 28:34 | Research | Bow Saw |
| 28:42 | Create | Villager (Male) ×5 |
| 28:47 | Create | Villager (Male) ×5 |
| 28:48 | Create | Villager (Male) |
| 29:00 | Create | Villager (Male) |
| 29:00 | Create | Villager (Male) |
| 29:06 | Create | Villager (Male) |
| 29:14 | Build | Mining Camp |
| 29:21 | Build | Mining Camp |
| 29:37 | Build | Archery Range |
| 29:39 | Build | Archery Range |
| 29:41 | Build | Archery Range |
| 29:43 | Build | Archery Range |
| 29:55 | Build | House |
Build order — The_Lumberjack
First 150 of 447 actions detected
| 0:13 | Build | House |
| 0:14 | Build | House |
| 0:17 | Build | House |
| 0:21 | Create | Villager (Male) |
| 0:22 | Create | Villager (Male) |
| 0:22 | Create | Villager (Male) |
| 0:22 | Create | Villager (Male) |
| 0:22 | Create | Villager (Male) |
| 0:29 | Research | Loom |
| 0:30 | Create | Villager (Male) |
| 0:30 | Create | Villager (Male) |
| 0:30 | Create | Villager (Male) |
| 1:21 | Build | Palisade Wall |
| 1:58 | Create | Villager (Male) |
| 2:35 | Build | Building 800 |
| 3:31 | Create | Villager (Male) |
| 3:31 | Create | Villager (Male) |
| 3:47 | Build | House |
| 3:52 | Build | House |
| 4:32 | Create | Villager (Male) |
| 4:32 | Create | Villager (Male) |
| 5:09 | Create | Villager (Male) |
| 5:30 | Create | Villager (Male) |
| 5:30 | Create | Villager (Male) |
| 7:12 | Create | Villager (Male) |
| 7:13 | Create | Villager (Male) |
| 7:13 | Create | Villager (Male) |
| 7:13 | Create | Villager (Male) |
| 7:13 | Create | Villager (Male) |
| 7:14 | Create | Villager (Male) |
| 8:08 | Build | Dock |
| 8:17 | Build | Lumber Camp |
| 9:09 | Create | Villager (Male) |
| 9:18 | Build | Mill |
| 9:49 | Create | Fishing Ship |
| 10:00 | Create | Villager (Male) |
| 10:00 | Create | Villager (Male) |
| 10:00 | Create | Villager (Male) |
| 10:00 | Create | Villager (Male) |
| 10:01 | Create | Villager (Male) |
| 10:01 | Create | Villager (Male) |
| 10:24 | Create | Fishing Ship |
| 10:53 | Create | Fishing Ship |
| 11:19 | Create | Fishing Ship |
| 11:23 | Create | Villager (Male) |
| 11:36 | Build | House |
| 11:51 | Build | Mining Camp |
| 12:08 | Create | Villager (Male) |
| 12:16 | Create | Fishing Ship |
| 12:31 | Build | Mill |
| 13:15 | Research | Feudal Age |
| 13:21 | Create | Fishing Ship |
| 13:21 | Create | Fishing Ship |
| 14:37 | Build | Mining Camp |
| 14:48 | Build | House |
| 14:50 | Build | House |
| 14:51 | Build | House |
| 14:52 | Build | House |
| 15:25 | Age | Feudal Age |
| 15:57 | Build | Stone Wall |
| 16:11 | Build | Building 665 |
| 17:05 | Research | Castle Age |
| 17:17 | Build | Fish Trap |
| 17:20 | Build | Fish Trap |
| 17:23 | Build | Fish Trap |
| 17:26 | Build | Fish Trap |
| 17:30 | Build | Fish Trap |
| 17:36 | Build | Fish Trap |
| 17:44 | Build | Fish Trap |
| 17:50 | Create | Fishing Ship |
| 17:51 | Create | Fishing Ship |
| 17:58 | Research | Horse Collar |
| 18:05 | Research | Double-Bit Axe |
| 19:01 | Research | Stone Mining |
| 19:10 | Build | Barracks |
| 19:29 | Create | Villager (Male) |
| 19:29 | Create | Villager (Male) |
| 19:30 | Create | Villager (Male) |
| 19:30 | Create | Villager (Male) |
| 19:30 | Create | Villager (Male) |
| 19:30 | Create | Villager (Male) |
| 19:45 | Age | Castle Age |
| 19:46 | Build | Fish Trap |
| 19:49 | Build | Fish Trap |
| 20:30 | Build | Stone Wall |
| 20:43 | Build | Building 665 |
| 20:57 | Build | Building 665 |
| 21:19 | Research | Wheelbarrow |
| 21:24 | Build | Town Center |
| 21:36 | Research | Stone Shaft Mining |
| 21:50 | Create | Fishing Ship |
| 21:51 | Create | Fishing Ship |
| 22:54 | Research | Bow Saw |
| 23:00 | Research | Heavy Plow |
| 23:11 | Build | Town Center |
| 23:36 | Build | Castle |
| 23:56 | Create | Villager (Male) |
| 23:56 | Create | Villager (Male) |
| 23:57 | Create | Villager (Male) |
| 23:57 | Create | Villager (Male) |
| 24:25 | Build | Town Center |
| 24:32 | Build | Stable |
| 24:35 | Build | Stable |
| 24:53 | Build | Farm |
| 24:54 | Build | Farm |
| 24:54 | Build | Farm |
| 24:54 | Build | Farm |
| 24:55 | Build | Farm |
| 24:55 | Build | Farm |
| 24:55 | Build | Farm |
| 24:55 | Build | Farm |
| 25:04 | Create | Villager (Male) |
| 25:04 | Create | Villager (Male) |
| 25:04 | Create | Villager (Male) |
| 25:04 | Create | Villager (Male) |
| 25:05 | Create | Villager (Male) |
| 25:05 | Create | Villager (Male) |
| 25:13 | Build | Farm |
| 25:15 | Build | Farm |
| 25:33 | Build | Farm |
| 25:34 | Build | Farm |
| 25:40 | Create | Villager (Male) |
| 25:44 | Create | Villager (Male) |
| 25:45 | Create | Villager (Male) |
| 26:06 | Create | Villager (Male) |
| 26:06 | Create | Villager (Male) |
| 26:14 | Create | Villager (Male) |
| 26:32 | Build | Fish Trap |
| 26:35 | Build | Fish Trap |
| 26:41 | Create | Fishing Ship |
| 26:47 | Research | Tech 906 |
| 26:52 | Create | Villager (Male) |
| 26:52 | Create | Villager (Male) |
| 27:02 | Build | Farm |
| 27:07 | Build | Farm |
| 27:07 | Build | Farm |
| 27:07 | Build | Farm |
| 27:07 | Build | Farm |
| 27:08 | Build | Farm |
| 27:08 | Build | Farm |
| 27:08 | Build | Farm |
| 27:08 | Build | Farm |
| 27:11 | Create | Villager (Male) |
| 27:12 | Create | Villager (Male) |
| 27:16 | Create | Villager (Male) |
| 27:16 | Create | Villager (Male) |
| 27:21 | Build | Lumber Camp |
| 27:37 | Create | Knight ×2 |
| 27:37 | Create | Knight ×2 |
| 27:44 | Create | Villager (Male) |
Build order — ChupaYcalla
First 150 of 338 actions detected
| 0:10 | Build | House |
| 0:11 | Create | Villager (Male) |
| 0:21 | Create | Villager (Male) |
| 0:43 | Create | Villager (Male) |
| 1:04 | Create | Villager (Male) |
| 1:37 | Create | Villager (Male) |
| 1:59 | Create | Villager (Male) |
| 2:23 | Build | House |
| 2:37 | Create | Villager (Male) |
| 2:56 | Build | House |
| 3:03 | Create | Villager (Male) |
| 3:22 | Create | Villager (Male) |
| 3:38 | Create | Villager (Male) |
| 3:58 | Create | Villager (Male) |
| 4:29 | Create | Villager (Male) |
| 4:38 | Build | Mill |
| 4:56 | Create | Villager (Male) |
| 5:16 | Create | Villager (Male) |
| 5:25 | Build | Lumber Camp |
| 5:48 | Create | Villager (Male) |
| 5:53 | Build | House |
| 5:54 | Build | House |
| 6:20 | Create | Villager (Male) |
| 6:48 | Create | Villager (Male) |
| 7:18 | Create | Villager (Male) |
| 7:33 | Build | Mining Camp |
| 7:59 | Create | Villager (Male) |
| 8:26 | Create | Villager (Male) |
| 8:31 | Create | Villager (Male) |
| 8:53 | Create | Villager (Male) |
| 9:25 | Create | Villager (Male) |
| 9:53 | Build | Mill |
| 10:00 | Build | House |
| 10:01 | Build | House |
| 10:10 | Create | Villager (Male) |
| 10:11 | Create | Villager (Male) |
| 10:35 | Create | Villager (Male) |
| 10:44 | Build | Mining Camp |
| 10:53 | Create | Villager (Male) |
| 11:27 | Research | Feudal Age |
| 12:50 | Build | Barracks |
| 13:07 | Build | House |
| 13:08 | Build | House |
| 13:08 | Build | House |
| 13:10 | Build | House |
| 13:36 | Create | Villager (Male) |
| 13:37 | Create | Villager (Male) |
| 13:37 | Age | Feudal Age |
| 13:40 | Research | Double-Bit Axe |
| 13:44 | Research | Horse Collar |
| 13:48 | Research | Gold Mining |
| 14:09 | Build | Blacksmith |
| 14:16 | Research | Wheelbarrow |
| 14:42 | Create | Villager (Male) |
| 14:42 | Create | Villager (Male) |
| 15:00 | Research | Town Watch |
| 15:08 | Build | Farm |
| 15:10 | Build | Farm |
| 15:12 | Build | Farm |
| 15:13 | Build | Farm |
| 15:14 | Build | Farm |
| 15:15 | Build | Farm |
| 15:16 | Build | Farm |
| 15:18 | Build | Farm |
| 15:19 | Build | Farm |
| 15:35 | Research | Stone Mining |
| 16:37 | Build | Market |
| 16:50 | Build | Farm |
| 16:55 | Build | Farm |
| 17:01 | Build | Farm |
| 17:09 | Build | Lumber Camp |
| 17:19 | Create | Villager (Male) |
| 17:20 | Create | Villager (Male) |
| 17:24 | Build | Farm |
| 17:25 | Build | Farm |
| 17:27 | Build | Farm |
| 17:54 | Build | House |
| 17:55 | Build | House |
| 17:59 | Create | Villager (Male) |
| 17:59 | Create | Villager (Male) |
| 18:29 | Build | Farm |
| 18:30 | Build | Farm |
| 18:31 | Build | Farm |
| 18:37 | Create | Villager (Male) |
| 19:13 | Research | Castle Age |
| 20:16 | Build | Mining Camp |
| 20:19 | Create | Villager (Male) |
| 20:51 | Create | Villager (Male) |
| 21:53 | Age | Castle Age |
| 21:58 | Build | Town Center |
| 22:02 | Research | Bow Saw |
| 22:14 | Build | Town Center |
| 22:19 | Create | Villager (Male) |
| 22:29 | Build | Monastery |
| 22:37 | Research | Heavy Plow |
| 22:43 | Create | Villager (Male) |
| 22:49 | Create | Villager (Male) |
| 22:51 | Research | Gold Shaft Mining |
| 23:08 | Create | Monk |
| 23:12 | Create | Monk |
| 23:21 | Create | Villager (Male) |
| 23:34 | Create | Villager (Male) |
| 23:34 | Create | Villager (Male) |
| 23:34 | Create | Villager (Male) |
| 23:39 | Research | Hand Cart |
| 23:45 | Build | Farm |
| 23:47 | Build | Farm |
| 23:48 | Build | Farm |
| 24:30 | Build | Siege Workshop |
| 24:36 | Create | Villager (Male) |
| 24:36 | Create | Villager (Male) |
| 24:41 | Create | Villager (Male) ×5 |
| 25:34 | Create | Villager (Male) |
| 25:54 | Research | Forging |
| 26:04 | Build | Stable |
| 26:05 | Build | Stable |
| 26:18 | Research | Scale Barding Armor |
| 26:20 | Create | Villager (Male) |
| 26:20 | Create | Villager (Male) |
| 26:56 | Create | Villager (Male) |
| 26:57 | Create | Villager (Male) |
| 27:02 | Create | Villager (Male) |
| 27:02 | Create | Villager (Male) |
| 27:05 | Create | Villager (Male) |
| 27:05 | Create | Villager (Male) |
| 27:15 | Research | Husbandry |
| 27:26 | Build | Castle |
| 27:36 | Create | Scorpion |
| 27:36 | Create | Scorpion |
| 27:38 | Build | Farm |
| 27:42 | Create | Villager (Male) |
| 27:42 | Create | Villager (Male) |
| 27:42 | Create | Villager (Male) |
| 27:47 | Build | Farm |
| 27:49 | Build | Farm |
| 27:50 | Build | Farm |
| 27:51 | Build | Farm |
| 27:55 | Create | Villager (Male) |
| 27:55 | Create | Villager (Male) |
| 28:02 | Research | Stone Shaft Mining |
| 28:11 | Create | Knight ×4 |
| 28:27 | Build | Siege Workshop |
| 28:30 | Build | Siege Workshop |
| 28:55 | Research | Iron Casting |
| 29:00 | Create | Villager (Male) |
| 29:00 | Create | Villager (Male) |
| 29:16 | Build | House |
| 29:16 | Build | House |
| 29:17 | Build | House |
| 29:19 | Build | House |
Build order — Klimada
First 150 of 455 actions detected
| 0:00 | Create | Villager (Male) |
| 0:01 | Create | Villager (Male) |
| 0:03 | Build | House |
| 0:04 | Build | House |
| 0:20 | Create | Villager (Male) |
| 0:43 | Create | Villager (Male) |
| 0:47 | Research | Loom |
| 0:47 | Create | Villager (Male) |
| 1:05 | Create | Villager (Male) |
| 1:46 | Create | Villager (Male) |
| 2:41 | Create | Villager (Male) |
| 2:51 | Create | Villager (Male) |
| 3:13 | Build | House |
| 3:15 | Build | House |
| 3:22 | Build | House |
| 3:25 | Build | Palisade Wall |
| 3:54 | Create | Villager (Male) |
| 4:18 | Build | Lumber Camp |
| 4:38 | Create | Villager (Male) |
| 4:39 | Create | Villager (Male) |
| 5:19 | Create | Villager (Male) |
| 5:52 | Build | Palisade Wall |
| 5:54 | Build | Palisade Wall |
| 5:59 | Build | Mill |
| 6:02 | Create | Villager (Male) |
| 6:32 | Create | Villager (Male) |
| 6:34 | Create | Villager (Male) |
| 7:22 | Create | Villager (Male) |
| 8:13 | Create | Villager (Male) |
| 8:13 | Create | Villager (Male) |
| 8:32 | Build | Lumber Camp |
| 9:04 | Create | Villager (Male) |
| 9:14 | Create | Villager (Male) |
| 9:21 | Build | House |
| 9:41 | Create | Villager (Male) |
| 10:09 | Create | Villager (Male) |
| 10:24 | Build | Mill |
| 10:45 | Create | Villager (Male) |
| 10:49 | Create | Villager (Male) |
| 10:55 | Build | Mining Camp |
| 11:21 | Create | Villager (Male) |
| 11:47 | Build | Mining Camp |
| 11:55 | Research | Feudal Age |
| 12:13 | Build | House |
| 12:58 | Build | Barracks |
| 13:05 | Create | Villager (Male) |
| 14:11 | Age | Feudal Age |
| 14:16 | Build | Blacksmith |
| 14:21 | Build | Market |
| 14:23 | Create | Villager (Male) |
| 14:47 | Build | Farm |
| 14:49 | Create | Villager (Male) |
| 15:07 | Build | House |
| 15:10 | Create | Villager (Male) |
| 15:18 | Build | House |
| 15:23 | Build | Farm |
| 15:29 | Create | Villager (Male) |
| 15:35 | Build | Mill |
| 15:55 | Create | Villager (Male) |
| 16:06 | Build | House |
| 16:07 | Build | House |
| 16:18 | Build | Farm |
| 16:24 | Research | Castle Age |
| 16:41 | Build | Stable |
| 16:48 | Build | Archery Range |
| 16:53 | Build | Archery Range |
| 17:10 | Build | Lumber Camp |
| 18:32 | Research | Double-Bit Axe |
| 18:37 | Build | Farm |
| 18:41 | Build | Farm |
| 18:59 | Research | Fletching |
| 19:03 | Research | Padded Archer Armor |
| 19:06 | Create | Villager (Male) |
| 19:21 | Age | Castle Age |
| 19:29 | Build | Town Center |
| 19:31 | Create | Villager (Male) |
| 19:36 | Create | Elephant Archer |
| 19:36 | Create | Elephant Archer |
| 19:44 | Build | Farm |
| 19:45 | Build | Farm |
| 19:47 | Build | Farm |
| 19:51 | Build | Farm |
| 19:54 | Create | Villager (Male) |
| 19:59 | Build | Farm |
| 20:02 | Create | Villager (Male) |
| 20:15 | Create | Elephant Archer |
| 20:16 | Create | Elephant Archer |
| 20:26 | Create | Villager (Male) |
| 20:39 | Build | Town Center |
| 20:43 | Create | Villager (Male) |
| 21:17 | Create | Villager (Male) |
| 21:17 | Create | Villager (Male) |
| 21:28 | Create | Villager (Male) |
| 21:37 | Create | Elephant Archer |
| 21:48 | Build | Farm |
| 22:02 | Create | Elephant Archer |
| 22:12 | Build | Farm |
| 22:14 | Create | Villager (Male) |
| 22:18 | Build | Farm |
| 22:36 | Create | Villager (Male) |
| 22:41 | Build | Farm |
| 22:44 | Create | Villager (Male) |
| 22:59 | Create | Villager (Male) |
| 23:21 | Create | Elephant Archer |
| 23:21 | Create | Elephant Archer |
| 23:25 | Create | Villager (Male) |
| 23:31 | Create | Villager (Male) |
| 23:32 | Build | Farm |
| 23:47 | Create | Villager (Male) |
| 23:47 | Create | Villager (Male) |
| 24:00 | Build | Farm |
| 24:04 | Create | Villager (Male) |
| 24:12 | Create | Villager (Male) |
| 24:14 | Create | Villager (Male) |
| 24:42 | Build | Farm |
| 24:46 | Build | House |
| 24:49 | Build | House |
| 25:57 | Build | Siege Workshop |
| 26:13 | Build | Farm |
| 26:14 | Create | Villager (Male) |
| 26:15 | Create | Villager (Male) |
| 26:16 | Create | Villager (Male) |
| 26:16 | Create | Villager (Male) |
| 26:21 | Create | Villager (Male) |
| 26:21 | Create | Villager (Male) |
| 26:41 | Build | Monastery |
| 26:51 | Create | Mangonel |
| 26:52 | Create | Mangonel |
| 26:58 | Build | Farm |
| 27:00 | Create | Villager (Male) |
| 27:01 | Create | Villager (Male) |
| 27:02 | Build | Farm |
| 27:04 | Create | Villager (Male) |
| 27:06 | Build | Farm |
| 27:21 | Build | Market |
| 27:25 | Build | Farm |
| 27:26 | Create | Villager (Male) |
| 27:27 | Create | Villager (Male) |
| 27:30 | Create | Monk |
| 27:35 | Build | House |
| 27:37 | Build | House |
| 27:37 | Build | House |
| 27:39 | Build | House |
| 27:43 | Build | Farm |
| 27:44 | Create | Villager (Male) |
| 27:45 | Create | Villager (Male) |
| 27:47 | Build | Farm |
| 27:51 | Build | Farm |
| 27:52 | Create | Villager (Male) |
| 27:55 | Build | Farm |
Build order — Brzuss57
First 150 of 692 actions detected
| 0:08 | Build | House |
| 0:10 | Build | House |
| 0:13 | Build | Palisade Wall |
| 0:23 | Research | Loom |
| 0:23 | Create | Villager (Male) |
| 0:24 | Create | Villager (Male) |
| 0:24 | Create | Villager (Male) |
| 0:24 | Create | Villager (Male) |
| 2:31 | Create | Villager (Male) |
| 2:35 | Build | Lumber Camp |
| 3:00 | Create | Villager (Male) |
| 3:22 | Create | Villager (Male) |
| 3:38 | Create | Villager (Male) |
| 3:57 | Build | House |
| 4:01 | Create | Villager (Male) |
| 4:14 | Create | Villager (Male) |
| 4:29 | Create | Villager (Male) |
| 5:01 | Create | Villager (Male) |
| 5:18 | Create | Villager (Male) |
| 5:27 | Build | House |
| 5:34 | Create | Villager (Male) |
| 5:45 | Build | House |
| 6:13 | Build | Dock |
| 6:22 | Create | Villager (Male) |
| 6:30 | Create | Villager (Male) |
| 7:08 | Create | Fishing Ship |
| 7:27 | Create | Villager (Male) |
| 7:32 | Create | Villager (Male) |
| 7:40 | Build | Mill |
| 8:17 | Create | Fishing Ship |
| 8:32 | Create | Villager (Male) |
| 8:52 | Build | House |
| 9:01 | Create | Villager (Male) |
| 9:22 | Build | Mining Camp |
| 9:29 | Create | Villager (Male) |
| 9:49 | Create | Villager (Male) |
| 9:51 | Create | Fishing Ship |
| 10:37 | Create | Fishing Ship |
| 10:57 | Create | Villager (Male) |
| 11:11 | Create | Fishing Ship |
| 11:26 | Create | Villager (Male) |
| 11:31 | Create | Villager (Male) |
| 11:31 | Create | Villager (Male) |
| 12:04 | Create | Villager (Male) |
| 12:08 | Create | Fishing Ship |
| 12:21 | Build | House |
| 12:39 | Create | Villager (Male) |
| 12:44 | Research | Feudal Age |
| 12:48 | Create | Fishing Ship |
| 13:35 | Create | Fishing Ship |
| 14:05 | Build | House |
| 14:20 | Create | Fishing Ship |
| 14:54 | Age | Feudal Age |
| 14:59 | Create | Villager (Male) |
| 15:11 | Create | Villager (Male) |
| 15:13 | Create | Villager (Male) |
| 15:18 | Build | Fish Trap |
| 15:21 | Build | Fish Trap |
| 15:24 | Build | Fish Trap |
| 15:27 | Build | Fish Trap |
| 15:31 | Build | Fish Trap |
| 15:34 | Build | Fish Trap |
| 15:48 | Build | Fish Trap |
| 15:51 | Build | Fish Trap |
| 15:58 | Build | Fish Trap |
| 16:27 | Build | Stone Wall |
| 16:29 | Build | Stone Wall |
| 16:43 | Create | Villager (Male) |
| 16:46 | Research | Wheelbarrow |
| 16:47 | Research | Double-Bit Axe |
| 16:49 | Research | Horse Collar |
| 17:07 | Build | House |
| 17:12 | Build | House |
| 17:15 | Create | Villager (Male) |
| 17:28 | Create | Villager (Male) |
| 17:54 | Build | Dock |
| 17:59 | Create | Fishing Ship |
| 18:02 | Research | Tech 906 |
| 18:05 | Create | Fishing Ship |
| 18:06 | Create | Fishing Ship |
| 18:12 | Research | Stone Mining |
| 18:27 | Build | Mining Camp |
| 18:51 | Build | Building 665 |
| 19:02 | Create | Villager (Male) |
| 19:14 | Build | Fish Trap |
| 19:16 | Create | Fishing Ship |
| 19:17 | Create | Fishing Ship |
| 19:24 | Create | Fishing Ship |
| 19:28 | Create | Villager (Male) |
| 19:44 | Build | Market |
| 19:48 | Build | Blacksmith |
| 19:50 | Create | Villager (Male) |
| 19:56 | Build | Fish Trap |
| 20:12 | Build | Fish Trap |
| 20:20 | Create | Villager (Male) |
| 20:28 | Build | House |
| 20:31 | Build | House |
| 20:32 | Build | House |
| 20:41 | Build | House |
| 20:42 | Build | House |
| 20:43 | Create | Villager (Male) |
| 21:03 | Create | Villager (Male) |
| 21:30 | Create | Villager (Male) |
| 21:35 | Build | Fish Trap |
| 21:46 | Build | Fish Trap |
| 21:51 | Build | Fish Trap |
| 22:25 | Build | Fish Trap |
| 22:31 | Build | Fish Trap |
| 22:35 | Create | Villager (Male) |
| 22:40 | Research | Castle Age |
| 22:53 | Build | House |
| 22:55 | Build | House |
| 22:56 | Build | House |
| 22:57 | Build | House |
| 22:58 | Build | House |
| 22:59 | Build | House |
| 23:22 | Build | Mining Camp |
| 23:41 | Research | Gold Mining |
| 25:20 | Age | Castle Age |
| 25:29 | Build | Town Center |
| 25:33 | Build | Castle |
| 25:43 | Build | University |
| 26:03 | Create | Villager (Male) |
| 26:37 | Build | Castle |
| 26:45 | Build | Siege Workshop |
| 26:47 | Build | Siege Workshop |
| 26:48 | Create | Villager (Male) |
| 26:50 | Create | Villager (Male) |
| 26:55 | Create | Villager (Male) |
| 27:03 | Create | Longbowman |
| 27:14 | Research | Imperial Age |
| 27:22 | Create | Villager (Male) |
| 27:23 | Create | Villager (Male) |
| 27:33 | Research | Caravan |
| 27:34 | Create | Trade Cart |
| 27:35 | Create | Trade Cart |
| 27:51 | Build | Mining Camp |
| 28:01 | Build | House |
| 28:04 | Build | House |
| 28:33 | Create | Villager (Male) |
| 28:34 | Create | Villager (Male) |
| 28:45 | Create | Villager (Male) |
| 28:45 | Create | Villager (Male) |
| 28:53 | Build | Town Center |
| 28:57 | Create | Mangonel |
| 29:01 | Create | Villager (Male) |
| 29:01 | Create | Villager (Male) |
| 29:12 | Create | Villager (Male) |
| 29:13 | Create | Villager (Male) |
| 29:23 | Research | Gillnets |
Build order — ATLANT
First 150 of 296 actions detected
| 0:01 | Create | Villager (Male) |
| 0:02 | Build | House |
| 0:03 | Build | House |
| 0:10 | Build | Lumber Camp |
| 0:15 | Research | Loom |
| 0:15 | Create | Villager (Male) ×3 |
| 1:21 | Build | House |
| 1:26 | Build | House |
| 1:28 | Build | House |
| 1:56 | Create | Villager (Male) |
| 2:27 | Build | House |
| 2:50 | Create | Villager (Male) |
| 2:50 | Create | Villager (Male) |
| 4:02 | Build | House |
| 4:06 | Build | House |
| 4:08 | Build | House |
| 4:15 | Build | Palisade Wall |
| 4:16 | Build | Palisade Wall |
| 4:22 | Create | Villager (Male) |
| 4:27 | Build | Palisade Wall |
| 4:43 | Build | Dock |
| 4:52 | Create | Villager (Male) |
| 4:52 | Create | Villager (Male) |
| 5:19 | Build | Palisade Wall |
| 5:37 | Build | Palisade Wall |
| 5:39 | Create | Villager (Male) |
| 5:40 | Create | Villager (Male) |
| 6:10 | Build | Palisade Wall |
| 6:11 | Build | Palisade Wall |
| 6:12 | Build | Palisade Wall |
| 6:13 | Build | Palisade Wall |
| 6:13 | Build | Palisade Wall |
| 6:14 | Build | Palisade Wall |
| 6:18 | Create | Villager (Male) |
| 6:18 | Create | Villager (Male) |
| 6:18 | Create | Villager (Male) |
| 6:28 | Create | Fishing Ship |
| 6:42 | Create | Villager (Male) |
| 6:42 | Create | Villager (Male) |
| 6:42 | Create | Villager (Male) |
| 7:02 | Create | Villager (Male) |
| 7:03 | Create | Villager (Male) |
| 7:03 | Create | Villager (Male) |
| 7:16 | Create | Fishing Ship |
| 7:36 | Create | Villager (Male) |
| 7:46 | Build | Palisade Wall |
| 7:46 | Build | Palisade Wall |
| 7:47 | Build | Palisade Wall |
| 7:48 | Build | Palisade Wall |
| 7:50 | Build | Palisade Wall |
| 7:52 | Build | Palisade Wall |
| 8:00 | Create | Villager (Male) |
| 8:16 | Create | Villager (Male) |
| 8:38 | Build | Mill |
| 8:49 | Create | Villager (Male) |
| 8:49 | Create | Villager (Male) |
| 9:37 | Build | Mill |
| 9:46 | Create | Villager (Male) |
| 9:46 | Create | Villager (Male) |
| 9:46 | Create | Villager (Male) |
| 9:56 | Build | House |
| 9:57 | Build | House |
| 9:58 | Build | House |
| 10:28 | Build | House |
| 10:29 | Build | House |
| 11:00 | Create | Villager (Male) |
| 11:06 | Build | House |
| 11:08 | Build | House |
| 11:25 | Create | Fishing Ship |
| 11:29 | Create | Villager (Male) |
| 11:55 | Create | Villager (Male) |
| 12:16 | Build | Building 796 |
| 12:19 | Build | Building 796 |
| 12:20 | Build | Building 796 |
| 12:28 | Research | Feudal Age |
| 12:29 | Research | Feudal Age |
| 12:29 | Research | Feudal Age |
| 12:58 | Create | Fishing Ship |
| 12:59 | Create | Fishing Ship |
| 13:40 | Build | Lumber Camp |
| 14:10 | Create | Villager (Male) |
| 14:22 | Build | Mining Camp |
| 14:34 | Build | Palisade Wall |
| 14:38 | Age | Feudal Age |
| 14:50 | Research | Horse Collar |
| 15:09 | Create | Villager (Male) |
| 15:12 | Research | Double-Bit Axe |
| 15:19 | Build | Farm |
| 15:20 | Build | Farm |
| 15:22 | Build | Farm |
| 15:37 | Create | Villager (Male) |
| 15:40 | Build | Farm |
| 15:58 | Create | Villager (Male) |
| 16:07 | Build | Farm |
| 16:25 | Create | Villager (Male) |
| 16:30 | Build | Farm |
| 16:44 | Build | Market |
| 16:48 | Create | Villager (Male) |
| 16:53 | Build | Blacksmith |
| 16:59 | Build | Farm |
| 17:02 | Create | Villager (Male) |
| 17:21 | Create | Villager (Male) |
| 17:27 | Build | Fish Trap |
| 17:31 | Build | Fish Trap |
| 17:45 | Build | Farm |
| 18:16 | Build | Palisade Wall |
| 18:23 | Build | Farm |
| 18:27 | Research | Castle Age |
| 18:40 | Build | Mining Camp |
| 18:51 | Build | Fish Trap |
| 18:54 | Build | Fish Trap |
| 18:56 | Build | Fish Trap |
| 19:24 | Build | Barracks |
| 20:12 | Research | Scale Mail Armor |
| 20:13 | Research | Forging |
| 20:19 | Research | Man-at-Arms (upgrade) |
| 20:22 | Create | Militia |
| 20:25 | Create | Militia |
| 21:03 | Create | Villager (Male) |
| 21:07 | Age | Castle Age |
| 21:10 | Build | Siege Workshop |
| 21:15 | Build | Siege Workshop |
| 21:18 | Create | Villager (Male) |
| 21:48 | Create | Villager (Male) |
| 22:04 | Build | Siege Workshop |
| 22:09 | Build | Siege Workshop |
| 22:17 | Create | Villager (Male) |
| 22:31 | Build | Town Center |
| 22:41 | Build | Building 490 |
| 22:45 | Create | Villager (Male) |
| 22:49 | Create | Spearman |
| 22:49 | Create | Spearman |
| 22:53 | Create | Mangonel |
| 23:23 | Build | Stone Wall |
| 23:28 | Create | Villager (Male) |
| 23:28 | Create | Villager (Male) |
| 23:33 | Build | Town Center |
| 23:43 | Build | Stone Wall |
| 23:49 | Create | Scorpion |
| 23:51 | Create | Villager (Male) |
| 24:21 | Create | Villager (Male) |
| 24:21 | Create | Villager (Male) |
| 24:42 | Build | Town Center |
| 24:53 | Create | Villager (Male) |
| 25:15 | Create | Scorpion |
| 25:21 | Create | Villager (Male) |
| 25:27 | Research | Bow Saw |
| 25:37 | Create | Scorpion |
| 25:46 | Create | Villager (Male) |
| 25:46 | Create | Villager (Male) |
Build order — Instagram
First 150 of 664 actions detected
| 0:02 | Research | Loom |
| 0:03 | Create | Villager (Male) |
| 0:03 | Create | Villager (Male) |
| 0:03 | Create | Villager (Male) |
| 0:15 | Build | House |
| 0:16 | Build | House |
| 0:40 | Create | Villager (Male) |
| 0:40 | Create | Villager (Male) |
| 0:49 | Build | House |
| 1:27 | Build | House |
| 1:36 | Create | Villager (Male) |
| 1:36 | Create | Villager (Male) |
| 1:37 | Create | Villager (Male) |
| 2:19 | Create | Villager (Male) |
| 2:20 | Create | Villager (Male) |
| 2:20 | Create | Villager (Male) |
| 2:20 | Create | Villager (Male) |
| 2:20 | Create | Villager (Male) |
| 2:21 | Create | Villager (Male) |
| 2:41 | Create | Villager (Male) |
| 3:15 | Create | Villager (Male) |
| 3:21 | Create | Villager (Male) |
| 3:50 | Create | Villager (Male) |
| 4:03 | Build | Mill |
| 4:16 | Create | Villager (Male) |
| 4:26 | Create | Villager (Male) |
| 4:26 | Create | Villager (Male) |
| 5:10 | Create | Villager (Male) |
| 5:23 | Build | Lumber Camp |
| 5:31 | Build | Lumber Camp |
| 5:33 | Create | Villager (Male) |
| 6:14 | Create | Villager (Male) |
| 6:21 | Create | Villager (Male) |
| 6:21 | Create | Villager (Male) |
| 6:22 | Create | Villager (Male) |
| 6:33 | Create | Villager (Male) |
| 6:46 | Create | Villager (Male) |
| 7:16 | Create | Villager (Male) |
| 7:36 | Create | Villager (Male) |
| 8:22 | Research | Feudal Age |
| 8:30 | Build | Mining Camp |
| 9:24 | Build | House |
| 9:25 | Build | House |
| 9:54 | Create | Villager (Male) |
| 10:20 | Create | Villager (Male) |
| 10:33 | Age | Feudal Age |
| 10:59 | Build | Market |
| 11:03 | Create | Villager (Male) |
| 11:29 | Create | Villager (Male) |
| 11:49 | Research | Wheelbarrow |
| 12:15 | Build | Mill |
| 12:57 | Build | Blacksmith |
| 13:06 | Build | Blacksmith |
| 13:28 | Research | Castle Age |
| 13:49 | Research | Double-Bit Axe |
| 13:56 | Build | Mining Camp |
| 14:43 | Research | Horse Collar |
| 14:57 | Build | Farm |
| 15:31 | Create | Villager (Male) |
| 15:59 | Create | Villager (Male) |
| 16:08 | Age | Castle Age |
| 16:15 | Build | Town Center |
| 16:16 | Create | Villager (Male) |
| 16:37 | Build | Monastery |
| 16:39 | Create | Villager (Male) |
| 17:03 | Create | Villager (Male) |
| 17:10 | Create | Villager (Male) |
| 17:31 | Build | House |
| 17:31 | Build | House |
| 17:32 | Build | House |
| 17:32 | Build | House |
| 17:50 | Build | Town Center |
| 17:52 | Create | Villager (Male) |
| 18:03 | Create | Villager (Male) |
| 18:08 | Create | Monk |
| 18:08 | Create | Monk |
| 18:18 | Research | Fervor |
| 18:23 | Build | Farm |
| 18:26 | Create | Villager (Male) |
| 18:30 | Research | Heavy Plow |
| 18:41 | Build | Farm |
| 18:57 | Create | Villager (Male) |
| 19:00 | Build | Farm |
| 19:16 | Build | Building 665 |
| 19:19 | Create | Villager (Male) |
| 19:24 | Build | Farm |
| 19:25 | Create | Villager (Male) |
| 19:34 | Build | Farm |
| 19:45 | Build | House |
| 19:51 | Build | Farm |
| 20:06 | Create | Villager (Male) |
| 20:08 | Build | Farm |
| 20:09 | Build | Farm |
| 20:17 | Build | House |
| 20:22 | Build | House |
| 20:22 | Build | House |
| 20:43 | Build | Outpost |
| 20:44 | Create | Villager (Male) |
| 20:45 | Create | Villager (Male) |
| 20:49 | Build | Farm |
| 21:00 | Create | Villager (Male) |
| 21:10 | Create | Villager (Male) |
| 21:25 | Build | House |
| 21:25 | Build | House |
| 21:56 | Build | Castle |
| 21:57 | Create | Villager (Male) |
| 21:58 | Create | Villager (Male) |
| 21:59 | Create | Villager (Male) |
| 21:59 | Create | Villager (Male) |
| 22:02 | Build | Farm |
| 22:03 | Build | Farm |
| 22:04 | Build | Farm |
| 22:06 | Create | Villager (Male) |
| 22:07 | Create | Villager (Male) |
| 22:12 | Create | Monk |
| 22:17 | Create | Villager (Male) |
| 22:17 | Create | Villager (Male) |
| 22:28 | Build | Farm |
| 22:32 | Create | Villager (Male) |
| 22:36 | Build | House |
| 22:36 | Build | House |
| 22:59 | Create | Monk |
| 23:03 | Build | Farm |
| 23:20 | Create | Villager (Male) |
| 23:20 | Create | Villager (Male) |
| 23:21 | Create | Villager (Male) |
| 23:24 | Build | Farm |
| 23:26 | Create | Villager (Male) |
| 23:26 | Create | Villager (Male) |
| 23:32 | Create | Villager (Male) |
| 23:35 | Build | House |
| 23:37 | Build | House |
| 23:40 | Create | Villager (Male) |
| 23:55 | Create | Villager (Male) |
| 24:00 | Build | Mill |
| 24:01 | Build | Farm |
| 24:03 | Build | Farm |
| 24:05 | Create | Villager (Male) |
| 24:06 | Create | Villager (Male) |
| 24:12 | Create | Villager (Male) |
| 24:15 | Build | Farm |
| 24:40 | Build | Barracks |
| 24:42 | Create | Villager (Male) |
| 24:43 | Create | Villager (Male) |
| 24:46 | Build | Mill |
| 24:47 | Build | Farm |
| 24:49 | Research | Gold Mining |
| 24:55 | Build | Farm |
| 24:57 | Create | Villager (Male) |
| 24:59 | Build | Farm |
Match timeline
| 0:13 | Brzuss57 · wall_segment Palisade Wall x7 |
| 1:00 | Nhialy · wall_segment Palisade Wall x5 |
| 1:06 | Nhialy · wall_segment Palisade Wall x7 |
| 1:21 | The_Lumberjack · wall_segment Palisade Wall x11 |
| 1:27 | mindy23 · wall_segment Palisade Wall x6 |
| 1:30 | mindy23 · wall_segment Palisade Wall x8 |
| 3:25 | Klimada · wall_segment Palisade Wall x1 |
| 4:15 | ATLANT · wall_segment Palisade Wall x1 |
| 4:16 | ATLANT · wall_segment Palisade Wall x1 |
| 4:27 | ATLANT · wall_segment Palisade Wall x1 |
| 4:43 | ATLANT · first_building Dock |
| 5:19 | ATLANT · wall_segment Palisade Wall x1 |
| 5:37 | ATLANT · wall_segment Palisade Wall x1 |
| 5:52 | Klimada · wall_segment Palisade Wall x1 |
| 5:54 | Klimada · wall_segment Palisade Wall x1 |
| 6:10 | ATLANT · wall_segment Palisade Wall x6 |
| 6:11 | ATLANT · wall_segment Palisade Wall x1 |
| 6:12 | ATLANT · wall_segment Palisade Wall x1 |
| 6:13 | ATLANT · wall_segment Palisade Wall x1 |
| 6:13 | Brzuss57 · first_building Dock |
| 6:13 | ATLANT · wall_segment Palisade Wall x1 |
| 6:14 | ATLANT · wall_segment Palisade Wall x1 |
| 7:46 | ATLANT · wall_segment Palisade Wall x1 |
| 7:46 | ATLANT · wall_segment Palisade Wall x1 |
| 7:47 | ATLANT · wall_segment Palisade Wall x1 |
| 7:48 | ATLANT · wall_segment Palisade Wall x1 |
| 7:50 | ATLANT · wall_segment Palisade Wall x4 |
| 7:52 | ATLANT · wall_segment Palisade Wall x7 |
| 8:08 | The_Lumberjack · first_building Dock |
| 10:33 | Instagram · age_up feudal |
| 12:50 | ChupaYcalla · first_building Barracks |
| 12:58 | Klimada · first_building Barracks |
| 13:25 | Nhialy · age_up feudal |
| 13:37 | ChupaYcalla · age_up feudal |
| 14:08 | Nhialy · wall_segment Stone Wall x19 |
| 14:11 | Klimada · age_up feudal |
| 14:25 | Nhialy · wall_segment Stone Wall x4 |
| 14:34 | ATLANT · wall_segment Palisade Wall x1 |
| 14:38 | ATLANT · age_up feudal |
| 14:54 | Brzuss57 · age_up feudal |
| 15:25 | The_Lumberjack · age_up feudal |
| 15:43 | mindy23 · age_up feudal |
| 15:57 | The_Lumberjack · wall_segment Stone Wall x14 |
| 16:08 | Instagram · age_up castle |
| 16:27 | Brzuss57 · wall_segment Stone Wall x11 |
| 16:29 | Brzuss57 · wall_segment Stone Wall x5 |
| 16:34 | mindy23 · first_market_sell 100 stone |
| 16:37 | Instagram · first_building Monastery |
| 16:41 | Klimada · first_building Stable |
| 16:48 | Klimada · first_building Archery Range |
| 16:51 | mindy23 · wall_segment Stone Wall x2 |
| 16:53 | mindy23 · wall_segment Stone Wall x4 |
| 16:54 | mindy23 · wall_segment Stone Wall x2 |
| 16:58 | mindy23 · wall_segment Stone Wall x14 |
| 18:16 | ATLANT · wall_segment Palisade Wall x1 |
| 18:17 | mindy23 · wall_segment Stone Wall x5 |
| 19:10 | Nhialy · age_up castle |
| 19:10 | The_Lumberjack · first_building Barracks |
| 19:17 | mindy23 · age_up castle |
| 19:21 | Klimada · age_up castle |
| 19:24 | ATLANT · first_building Barracks |
| 19:36 | ATLANT · first_market_sell 100 food |
| 19:37 | ATLANT · first_market_buy 100 stone |
| 19:45 | The_Lumberjack · age_up castle |
| 20:30 | The_Lumberjack · wall_segment Stone Wall x14 |
| 21:07 | ATLANT · age_up castle |
| 21:10 | ATLANT · first_building Siege Workshop |
| 21:53 | ChupaYcalla · age_up castle |
| 21:56 | Instagram · first_building Castle |
| 22:29 | ChupaYcalla · first_building Monastery |
| 22:38 | Nhialy · first_building Monastery |
| 23:23 | ATLANT · wall_segment Stone Wall x2 |
| 23:36 | The_Lumberjack · first_building Castle |
| 23:43 | ATLANT · wall_segment Stone Wall x4 |
| 24:30 | ChupaYcalla · first_building Siege Workshop |
| 24:32 | The_Lumberjack · first_building Stable |
| 24:40 | Instagram · first_building Barracks |
| 25:20 | Brzuss57 · age_up castle |
| 25:26 | mindy23 · first_building Castle |
| 25:29 | Nhialy · first_building Castle |
| 25:33 | Brzuss57 · first_building Castle |
| 25:48 | Instagram · wall_segment Stone Wall x16 |
| 25:57 | Klimada · first_building Siege Workshop |
| 26:04 | ChupaYcalla · first_building Stable |
| 26:41 | Klimada · first_building Monastery |
| 26:45 | Brzuss57 · first_building Siege Workshop |
| 27:26 | ChupaYcalla · first_building Castle |
| 27:35 | mindy23 · wall_segment Stone Wall x4 |
| 27:36 | Nhialy · first_building Barracks |
| 27:49 | mindy23 · first_building Barracks |
| 28:17 | Instagram · first_building Archery Range |
| 28:24 | Nhialy · first_building Siege Workshop |
| 29:10 | Instagram · wall_segment Stone Wall x14 |
| 29:35 | Instagram · wall_segment Stone Wall x10 |
| 29:37 | mindy23 · first_building Archery Range |
| 30:04 | Nhialy · first_building Stable |
| 30:22 | Instagram · first_building Stable |
| 30:25 | Brzuss57 · age_up imperial |
| 31:11 | Brzuss57 · wall_segment Stone Wall x7 |
| 31:13 | Brzuss57 · wall_segment Stone Wall x4 |
| 31:27 | Brzuss57 · wall_segment Stone Wall x23 |
| 31:37 | Brzuss57 · wall_segment Stone Wall x10 |
| 31:43 | Brzuss57 · wall_segment Stone Wall x14 |
| 31:43 | Instagram · wall_segment Stone Wall x14 |
| 31:54 | Instagram · wall_segment Stone Wall x15 |
| 31:57 | mindy23 · first_building Monastery |
| 32:02 | Instagram · age_up imperial |
| 32:15 | Brzuss57 · first_market_buy 100 food |
| 32:33 | mindy23 · first_building Siege Workshop |
| 32:43 | Nhialy · first_building Archery Range |
| 32:57 | The_Lumberjack · first_market_buy 100 food |
| 33:18 | Instagram · first_building Siege Workshop |
| 33:25 | ATLANT · wall_segment Stone Wall x1 |
| 33:26 | ATLANT · wall_segment Stone Wall x1 |
| 33:27 | ATLANT · wall_segment Stone Wall x1 |
| 33:32 | The_Lumberjack · first_building Archery Range |
| 34:17 | Klimada · wall_segment Stone Wall x4 |
| 34:39 | Nhialy · age_up imperial |
| 34:44 | mindy23 · age_up imperial |
| 34:46 | ATLANT · first_building Castle |
| 35:53 | Brzuss57 · first_building Barracks |
| 36:07 | Klimada · age_up imperial |
| 36:14 | The_Lumberjack · age_up imperial |
| 36:49 | ATLANT · resign |
| 37:51 | ChupaYcalla · age_up imperial |
| 37:51 | Brzuss57 · first_building Stable |
| 41:24 | Klimada · first_building Castle |
| 41:39 | Instagram · first_market_sell 500 food |
| 43:18 | ChupaYcalla · first_market_buy 100 food |
| 45:29 | Nhialy · first_market_sell 500 wood |
| 49:57 | The_Lumberjack · first_building Siege Workshop |
| 50:29 | Klimada · tribute_sent a jugador 1 |
| 50:29 | Klimada · tribute_sent a jugador 2 |
| 50:29 | Klimada · tribute_sent a jugador 3 |
| 50:29 | Klimada · tribute_sent a jugador 5 |
| 50:29 | Klimada · tribute_sent a jugador 6 |
| 50:29 | Klimada · tribute_sent a jugador 7 |
| 50:29 | Klimada · tribute_sent a jugador 8 |
| 51:30 | ChupaYcalla · tribute_sent a jugador 1 |
| 51:30 | ChupaYcalla · tribute_sent a jugador 2 |
| 51:30 | ChupaYcalla · tribute_sent a jugador 4 |
| 51:30 | ChupaYcalla · tribute_sent a jugador 5 |
| 51:30 | ChupaYcalla · tribute_sent a jugador 6 |
| 51:30 | ChupaYcalla · tribute_sent a jugador 7 |
| 51:30 | ChupaYcalla · tribute_sent a jugador 8 |
| 51:50 | The_Lumberjack · wall_segment Stone Wall x15 |
| 52:44 | ChupaYcalla · tribute_sent a jugador 1 |
| 52:44 | ChupaYcalla · tribute_sent a jugador 2 |
| 52:44 | ChupaYcalla · tribute_sent a jugador 4 |
| 52:44 | ChupaYcalla · tribute_sent a jugador 5 |
| 52:44 | ChupaYcalla · tribute_sent a jugador 6 |
| 52:44 | ChupaYcalla · tribute_sent a jugador 7 |
| 52:44 | ChupaYcalla · tribute_sent a jugador 8 |
| 52:50 | ChupaYcalla · first_market_sell 500 food |
| 54:15 | ChupaYcalla · tribute_sent a jugador 1 |
| 54:15 | ChupaYcalla · tribute_sent a jugador 2 |
| 54:15 | ChupaYcalla · tribute_sent a jugador 4 |
| 54:15 | ChupaYcalla · tribute_sent a jugador 5 |
| 54:15 | ChupaYcalla · tribute_sent a jugador 6 |
| 54:15 | ChupaYcalla · tribute_sent a jugador 7 |
| 54:15 | ChupaYcalla · tribute_sent a jugador 8 |
| 54:58 | mindy23 · first_building Stable |
| 55:49 | Nhialy · first_market_buy 100 stone |
| 56:10 | ChupaYcalla · tribute_sent a jugador 1 |
| 56:10 | ChupaYcalla · tribute_sent a jugador 2 |
| 56:10 | ChupaYcalla · tribute_sent a jugador 4 |
| 56:10 | ChupaYcalla · tribute_sent a jugador 5 |
| 56:10 | ChupaYcalla · tribute_sent a jugador 6 |
| 56:10 | ChupaYcalla · tribute_sent a jugador 7 |
| 56:10 | ChupaYcalla · tribute_sent a jugador 8 |
| 57:01 | Nhialy · tribute_sent a jugador 1 |
| 57:01 | Nhialy · tribute_sent a jugador 2 |
| 57:01 | Nhialy · tribute_sent a jugador 3 |
| 57:01 | Nhialy · tribute_sent a jugador 4 |
| 57:01 | Nhialy · tribute_sent a jugador 5 |
| 57:01 | Nhialy · tribute_sent a jugador 7 |
| 57:01 | Nhialy · tribute_sent a jugador 8 |
| 57:10 | Nhialy · wall_segment Stone Wall x7 |
| 57:16 | ChupaYcalla · tribute_sent a jugador 1 |
| 57:16 | ChupaYcalla · tribute_sent a jugador 2 |
| 57:16 | ChupaYcalla · tribute_sent a jugador 4 |
| 57:16 | ChupaYcalla · tribute_sent a jugador 5 |
| 57:16 | ChupaYcalla · tribute_sent a jugador 6 |
| 57:16 | ChupaYcalla · tribute_sent a jugador 7 |
| 57:16 | ChupaYcalla · tribute_sent a jugador 8 |
| 58:59 | ChupaYcalla · tribute_sent a jugador 1 |
| 58:59 | ChupaYcalla · tribute_sent a jugador 2 |
| 58:59 | ChupaYcalla · tribute_sent a jugador 4 |
| 58:59 | ChupaYcalla · tribute_sent a jugador 5 |
| 58:59 | ChupaYcalla · tribute_sent a jugador 6 |
| 58:59 | ChupaYcalla · tribute_sent a jugador 7 |
| 58:59 | ChupaYcalla · tribute_sent a jugador 8 |
| 60:03 | Nhialy · wall_segment Stone Wall x12 |
| 60:46 | ChupaYcalla · tribute_sent a jugador 1 |
| 60:46 | ChupaYcalla · tribute_sent a jugador 2 |
| 60:46 | ChupaYcalla · tribute_sent a jugador 4 |
| 60:46 | ChupaYcalla · tribute_sent a jugador 5 |
| 60:46 | ChupaYcalla · tribute_sent a jugador 6 |
| 60:46 | ChupaYcalla · tribute_sent a jugador 7 |
| 60:46 | ChupaYcalla · tribute_sent a jugador 8 |
| 62:49 | ChupaYcalla · tribute_sent a jugador 1 |
| 62:49 | ChupaYcalla · tribute_sent a jugador 2 |
| 62:49 | ChupaYcalla · tribute_sent a jugador 4 |
| 62:49 | ChupaYcalla · tribute_sent a jugador 5 |
| 62:49 | ChupaYcalla · tribute_sent a jugador 6 |
| 62:49 | ChupaYcalla · tribute_sent a jugador 7 |
| 62:49 | ChupaYcalla · tribute_sent a jugador 8 |
| 62:59 | Brzuss57 · wall_segment Stone Wall x7 |
| 64:30 | ChupaYcalla · tribute_sent a jugador 1 |
| 64:30 | ChupaYcalla · tribute_sent a jugador 2 |
| 64:30 | ChupaYcalla · tribute_sent a jugador 4 |
| 64:30 | ChupaYcalla · tribute_sent a jugador 5 |
| 64:30 | ChupaYcalla · tribute_sent a jugador 6 |
| 64:30 | ChupaYcalla · tribute_sent a jugador 7 |
| 64:30 | ChupaYcalla · tribute_sent a jugador 8 |
| 67:33 | Brzuss57 · first_building Monastery |
[ AI ANALYSIS · 1 CREDIT ]
What really happened in this match?
Wolo.gg analyzes every decision: build order, eco, micro, common mistakes by bracket. Personalized analysis on WhatsApp or Discord in 30 seconds.
Civ guide
Spanish
Perfil
Jugador #11640817